 Dungeon Crawl Stone Soup version 0.20.1-1-g8b1a95d (webtiles) character file.

14789 kae the Martial Artist (level 11, 0/102 HPs)
             Began as a Demonspawn Gladiator on Sept 16, 2017.
             Was a High Priest of Ru.
             Slain by a hell rat (8 damage)
             ... on level 2 of the Lair of Beasts.
             The game lasted 00:24:05 (17109 turns).

kae the Martial Artist (Demonspawn Gladiator)      Turns: 17109, Time: 00:24:06

Health: 0/102      AC:  0    Str: 16    XL:     11   Next: 93%
Magic:  0/12       EV: 11    Int:  5    God:    Ru [*****.]
Gold:   580        SH:  0    Dex: 17    Spells: 10/10 levels left

rFire    + . .     SeeInvis .     - Unarmed
rCold    . . .     Gourm    .   (no shield)
rNeg     . . .     Faith    .   a - +1 leather armour
rPois    .         Spirit   +   b - +0 helmet
rElec    +         Reflect  .   (no cloak)
rCorr    .         Harm     .   (no gloves)
MR       .....                  (no boots)
Stlth    ..........             v - amulet of regeneration
Regen    0.7/turn               J - +1 ring of slaying
MPRegen  0.2/turn               w - ring "Tepenuen" {+Inv +Fly rElec rF+ Int-4 Stlth+}

@: heavily drained
A: hooves 1, rugged brown scales 2, deformed body, low mp 1, robust 1,
electricity resistance, magic shield, rot immunity, no stealth, inability to
train armour, reduced AC 1, unskilled 1
a: Draw Out Power, Power Leap, Apocalypse, Renounce Religion, Evoke
Invisibility, Evoke Flight


You were on level 2 of the Lair of Beasts.
You worshipped Ru.
Ru was extremely pleased with you.
You were not hungry.

You visited 2 branches of the dungeon, and saw 12 of its levels.
You also visited: Sewer.

You collected 580 gold pieces.

Inventory:

Missiles
 F - a throwing net (quivered)
Armour
 a - a +1 leather armour (worn)
 b - a +0 helmet (worn)
Jewellery
 j - an uncursed ring of fire
 u - an uncursed amulet of the gourmand
 v - an amulet of regeneration (around neck)
 w - the ring "Tepenuen" (right hand) {+Inv +Fly rElec rF+ Int-4 Stlth+}
   (You found it on level 5 of the Dungeon)

   [ring of flight]

   It affects your intelligence (-4).
   It protects you from fire.
   It insulates you from electricity.
   It lets you turn invisible.
   It lets you fly.
   It makes you more stealthy.
 J - a +1 ring of slaying (left hand)
Wands
 e - a wand of random effects (36/48)
 m - a wand of iceblast (4/15)
 n - a wand of digging (9/24)
 q - a wand of random effects (20/48)
 x - a wand of random effects (20/48)
 C - a wand of flame (7/48)
 G - a wand of acid (0/15)
 I - a wand of paralysis (2/24)
Scrolls
 c - a scroll of enchant weapon
 g - 7 scrolls of remove curse
 i - 6 scrolls of teleportation
 s - 2 scrolls of recharging
 z - 3 scrolls of amnesia
 D - a scroll of enchant armour
 E - a scroll of fog
Potions
 f - a potion of ambrosia
 h - 3 potions of magic
 p - 2 potions of brilliance
 r - 3 potions of flight
 t - a potion of mutation
 B - 3 potions of curing
Books
 y - a book of Debilitation

   Spells                             Type                      Level
   a - Corona                         Hexes                        1
   b - Slow                           Hexes                        2
   c - Inner Flame                    Hexes/Fire                   3
   d - Portal Projectile              Hexes/Translocation          3
   e - Cause Fear                     Hexes                        4
   f - Leda's Liquefaction            Hexes/Earth                  4
 H - a book of Clouds

   Spells                             Type                      Level
   a - Poisonous Vapours              Poison/Air                   2
   b - Mephitic Cloud                 Conjuration/Poison/Air       3
   c - Conjure Flame                  Conjuration/Fire             3
   d - Freezing Cloud                 Conjuration/Ice/Air          6
   e - Ring of Flames                 Charms/Fire                  7
 K - a book of Battle

   Spells                             Type                      Level
   a - Infusion                       Charms                       1
   b - Shroud of Golubria             Charms/Translocation         2
   c - Song of Slaying                Charms                       2
   d - Spectral Weapon                Hexes/Charms                 3
   e - Regeneration                   Charms/Necromancy            3
Comestibles
 d - 6 bread rations
 k - 8 meat rations
 l - 10 fruits
 o - 2 royal jellies


   Skills:
 + Level 9.5(7.6) Fighting
 - Level 6.1(4.4) Throwing
 + Level 2.4(0.9) Dodging
 * Level 12.3(10.2) Unarmed Combat
 + Level 3.1(1.5) Evocations


You had 10 spell levels left.
You didn't know any spells.

Dungeon Overview and Level Annotations

Branches:
Dungeon (10/15)            Temple (0/1) D:7            Lair (2/6) D:9
  Swamp (0/4) Lair:2
  Snake: Lair:2-4    Spider: Lair:2-4       Orc: D:9-12

Altars:
Cheibriados
Elyvilon
Gozag
Hepliaklqana
Nemelex Xobeh
Okawaru
Qazlal
Ru
Sif Muna
Uskayaw
Yredelemnul

Annotations:
D:10 2 transporters, exclusion: orange crystal statue
Lair:2 exclusion: oklob plant


Innate Abilities, Weirdness & Mutations

You have large cloven feet.
You are mostly covered in rugged brown scales. (AC +2, +5% HP)
Your magical capacity is low. (-10% MP)
You are robust. (+10% HP)
When hurt, damage is shared between your health and your magic reserves.
You are immune to rotting.
You cannot be stealthy.
You cannot train Armour skill.
You take slightly more damage. (AC -5)
You are somewhat unskilled. (-1 Apt)
Armour fits poorly on your strangely shaped body.
You are resistant to electric shocks. (rElec)


Message History

The spiny frog stings the plant!
The hell rat bites you! The hell rat completely misses you.
Unknown command.
The helpless swamp dragon fails to defend itself.
You hit the swamp dragon but do no damage.
You kick the swamp dragon.
The swamp dragon is lightly wounded.
The hell rat misses you.
The spiny frog stings the plant but does no damage.
The hell rat bites you.
You feel drained. The hell rat bites you!
The spiny frog stings the plant.
The hell rat bites you!
* * * LOW HITPOINT WARNING * * *
Something hits the plant.
The hell rat bites you!!
* * * LOW HITPOINT WARNING * * *
You feel drained.
* * * LOW HITPOINT WARNING * * *
The hell rat barely misses you.
The spiny frog stings the plant.
The hell rat bites you!
You die...

♣≈≈≈≈;≈≈≈≈♣≈≈≈≈≈♣♣♣...## ##....
♣♣♣♣♣♣♣♣♣♣♣♣♣♣♣♣♣......# #P....
.♣ ♣♣♣♣♣.......#.#.######.... .#
............#.#....P##.... .# ###
..........................
.###.##.....###..................
...........####..........#.###[##
..P.#......##............### #.##
.###.......####.@........# ###
..###.......# #.r##......#
.##.#......## #rr#..#..... ####
..#.#.......# #Dr#...#.... ....
............. .rr# # ....
................r. ....
.........#PPPP#.... ....
####.P.###F.!F##...# .#.# # #.###
P... .### # #


You could see a swamp dragon (paralysed), a spiny frog and 7 hell rats.

Vanquished Creatures
  2 two-headed ogres (D:9)
  The ghost of Ymberti the Thaumaturge, a novice DEFE of Vehumet (Lair:1)
  The ghost of cochise the Basher, a novice MiBe of Trog (D:4)
  A black mamba (Lair:2)
  A rime drake (Lair:2)
  3 spiny frogs
  2 komodo dragons
  2 trolls
  Grinder (D:6)
  2 hippogriffs
  18 yaks
  3 basilisks
  A hungry ghost (D:8)
  4 swamp worms (Lair:2)
  Edmund (D:6)
  4 water moccasins
  6 porcupines
  3 black bears
  An ice beast (D:5)
  3 orc warriors
  4 sky beasts
  An ogre (D:7)
  6 wolves
  A phantom (D:10)
  A necrophage (D:10)
  5 centaurs
  4 crocodiles
  10 big kobolds
  7 bullfrogs
  A gnoll sergeant (D:10)
  5 scorpions
  5 crimson imps
  2 bullfrog zombies
  2 orc priests
  A bullfrog skeleton (D:9)
  3 hounds
  3 jellies
  3 orc wizards
  A gnoll shaman (D:9)
  An iguana (D:5)
  8 worker ants
  A hound skeleton (D:8)
  2 worker ant zombies
  15 gnolls
  2 river rats (Sewer)
  14 adders
  3 shadow imps
  An ooze (D:5)
  An adder skeleton (D:4)
  6 worms
  5 dart slugs
  9 leopard geckos
  33 orcs
  8 giant cockroaches
  5 goblins
  6 hobgoblins
  3 jackals (D:4)
  16 kobolds
  3 quokkas
  5 ball pythons
  8 bats
  3 frilled lizards
  A leopard gecko skeleton (D:6)
  3 quokka skeletons
  A quokka zombie (D:8)
  8 rats
296 creatures vanquished.

Vanquished Creatures (others)
  A porcupine (D:9)
  A gnoll (D:9)
  A quokka (D:10)
  4 fungi (D:9)
  12 plants
19 creatures vanquished.

Grand Total: 315 creatures vanquished

Notes
Turn   | Place    | Note
-------+----------+-------------------------------------------
     0 | D:1      | kae the Demonspawn Gladiator began the quest for the Orb.
     0 | D:1      | Reached XP level 1. HP: 16/16 MP: 1/1
   191 | D:1      | Reached skill level 3 in Unarmed Combat
   191 | D:1      | Gained mutation: You are immune to rotting. [demonic ancestry]
   191 | D:1      | Reached XP level 2. HP: 15/22 MP: 2/2
   736 | D:1      | Gained mutation: You are partially covered in rugged brown scales. (AC +1, +3% HP) [demonic ancestry]
   736 | D:1      | Reached XP level 3. HP: 14/28 MP: 3/3
  1741 | D:3      | Found a sacrificial altar of Ru.
  1812 | D:3      | Became a worshipper of Ru the Awakened
  2019 | D:3      | Reached XP level 4. HP: 34/35 MP: 4/4
  2436 | D:3      | Reached skill level 4 in Unarmed Combat
  2985 | D:3      | Reached XP level 5. HP: 30/42 MP: 5/5
  3165 | D:4      | Noticed a centaur
  3200 | D:4      | Killed a centaur
  3398 | D:4      | Found a glowing drain.
  3484 | D:4      | Gained mutation: You are mostly covered in rugged brown scales. (AC +2, +5% HP) [demonic ancestry]
  3484 | D:4      | Reached XP level 6. HP: 26/49 MP: 6/6
  3491 | Sewer    | Entered a sewer
  3727 | Sewer    | Reached skill level 5 in Unarmed Combat
  4113 | Sewer    | Reached XP level 7. HP: 55/56 MP: 7/7
  4378 | Sewer    | Gained mutation: You are somewhat unskilled. (-1 Apt) [Ru sacrifice]
  4378 | Sewer    | Reached * piety under Ru
  4378 | Sewer    | Reached ** piety under Ru
  5382 | D:4      | Noticed cochise's ghost (novice MiBe)
  5451 | D:4      | Killed cochise's ghost
  5451 | D:4      | Reached skill level 6 in Unarmed Combat
  5451 | D:4      | Reached XP level 8. HP: 10/64 MP: 8/8
  6299 | D:4      | Reached skill level 5 in Fighting
  6698 | D:5      | Entered Level 5 of the Dungeon
  6865 | D:5      | Reached skill level 7 in Unarmed Combat
  7088 | D:4      | Reached skill level 5 in Throwing
  7344 | D:5      | Gained mutation: Armour fits poorly on your strangely shaped body. [potion of mutation]
  7344 | D:5      | Gained mutation: You are resistant to electric shocks. (rElec) [potion of mutation]
  7386 | D:5      | HP: 3/66 [poisoned by a water moccasin]
  7394 | D:5      | HP: 3/66 [poisoned by a water moccasin]
  7738 | D:5      | Gained mutation: When hurt, damage is shared between your health and your magic reserves. [demonic ancestry]
  7738 | D:5      | Reached XP level 9. HP: 36/71 MP: 9/9
  7950 | D:5      | Found an iron altar of Okawaru.
  8178 | D:5      | Got a transparent copper ring
  8304 | D:5      | Identified the ring "Tepenuen" {+Inv +Fly rElec rF+ Int-4 Stlth+} (You found it on level 5 of the Dungeon)
  8475 | D:5      | Found a snail-covered altar of Cheibriados.
  8491 | D:5      | Found a sparkling altar of Nemelex Xobeh.
  8491 | D:5      | Found a hide-covered altar of Uskayaw.
  8491 | D:5      | Found a white marble altar of Elyvilon.
  8493 | D:5      | Found a hazy altar of Hepliaklqana.
  8499 | D:5      | Gained mutation: You cannot be stealthy. [Ru sacrifice]
  8938 | D:6      | Noticed Grinder
  8952 | D:6      | Paralysed by Grinder for 3 turns
  8966 | D:6      | Killed Grinder
  8966 | D:6      | Reached skill level 8 in Unarmed Combat
  9317 | D:6      | Found a deep blue altar of Sif Muna.
  9414 | D:6      | Noticed Edmund
  9434 | D:6      | Killed Edmund
 10436 | D:7      | Found a staircase to the Ecumenical Temple.
 10772 | D:8      | Noticed a komodo dragon
 10901 | D:8      | Gained mutation: Your magical capacity is low. (-10% MP) [Ru sacrifice]
 10901 | D:8      | Reached *** piety under Ru
 11074 | D:8      | Found an opulent altar of Gozag.
 11235 | D:8      | Killed a komodo dragon
 11295 | D:8      | Found a basalt altar of Yredelemnul.
 11359 | D:8      | Found a stormy altar of Qazlal.
 11551 | D:8      | Found a sparkling altar of Nemelex Xobeh.
 11687 | D:9      | Noticed a two-headed ogre
 11696 | D:9      | Killed a two-headed ogre
 11696 | D:9      | Reached skill level 9 in Unarmed Combat
 11696 | D:9      | Gained mutation: You are robust. (+10% HP) [demonic ancestry]
 11696 | D:9      | Reached XP level 10. HP: 64/90 MP: 6/9
 12132 | D:9      | Reached skill level 10 in Unarmed Combat
 12710 | D:9      | Found a staircase to the Lair.
 13054 | D:9      | Noticed a two-headed ogre
 13068 | D:9      | Killed a two-headed ogre
 13068 | D:9      | Gained mutation: You have large cloven feet. [demonic ancestry]
 13068 | D:9      | Reached XP level 11. HP: 33/100 MP: 3/9
 13195 | D:9      | Reached skill level 11 in Unarmed Combat
 13284 | D:9      | Noticed a two-headed ogre
 13586 | D:10     | Entered Level 10 of the Dungeon
 13812 | D:10     | Found a sacrificial altar of Ru.
 13871 | D:10     | Found a transporter.
 13877 | D:10     | Noticed an orange crystal statue
 13931 | D:10     | Noticed an orc warlord
 13934 | D:10     | Noticed a flayed ghost
 14018 | D:10     | Found a transporter.
 14129 | D:10     | Gained mutation: You cannot train Armour skill. [Ru sacrifice]
 14129 | D:10     | Reached **** piety under Ru
 14765 | Lair:1   | Entered Level 1 of the Lair of Beasts
 15008 | Lair:1   | Reached skill level 1 in Evocations
 15009 | Lair:1   | Noticed Ymberti's ghost (novice DEFE)
 15033 | Lair:1   | Killed Ymberti's ghost
 15950 | Lair:2   | Reached skill level 12 in Unarmed Combat
 16704 | Lair:2   | Gained mutation: You take slightly more damage. (AC -5) [Ru sacrifice]
 16704 | Lair:2   | Reached ***** piety under Ru
 16953 | Lair:2   | Found a staircase to the Swamp.
 17097 | Lair:2   | Noticed a swamp dragon
 17106 | Lair:2   | Noticed an oklob plant
 17109 | Lair:2   | Slain by a hell rat

Skill      XL: |  1  2  3  4  5  6  7  8  9 10 11 |
---------------+----------------------------------+-----
Unarmed Combat | 3 4 5 6 7 9 10 12 | 12.3
Throwing       | 2 3 4 5 6 |  6.1
Fighting       | 3 4 4 5 7 8 9 |  9.5
Evocations     | 3 |  3.1
Dodging        | |  2.4

Action                   |  1- 3 |  4- 6 |  7- 9 | 10-12 || total
-------------------------+-------+-------+-------+-------++-------
Melee: Unarmed           |   181 |   216 |   721 |   556 ||  1674
       Punch             |     2 |     2 |    25 |    48 ||    77
       Kick              |       |       |       |   112 ||   112
Throw: Throwing net      |       |     2 |     1 |       ||     3
Invok: Sacrifice Skill   |       |       |     1 |       ||     1
       Draw Out Power    |       |       |     1 |     7 ||     8
       Sacrifice Essence |       |       |     1 |       ||     1
       Sacrifice Stealth |       |       |     1 |       ||     1
       Power Leap        |       |       |       |     1 ||     1
       Sacrifice Health  |       |       |       |     1 ||     1
       Sacrifice Durabil |       |       |       |     1 ||     1
 Abil: Evoke Invisibilit |       |       |     1 |     1 ||     2
Evoke: Wand              |       |       |     5 |    14 ||    19
  Use: Scroll            |     6 |     1 |    11 |     3 ||    21
       Potion            |       |     1 |     8 |     4 ||    13
 Stab: Sleeping          |     3 |       |       |       ||     3
       Distracted        |     1 |       |       |     1 ||     2
       Held in net/web   |       |     1 |     1 |       ||     2
       Invisible         |       |       |     4 |    14 ||    18
       Confused          |       |       |     1 |       ||     1
       Petrified         |       |       |       |     5 ||     5
       Paralysed         |       |       |       |     1 ||     1
  Eat: Chunk             |     4 |     6 |    18 |    16 ||    44
       Royal jelly       |       |       |     1 |       ||     1
       Fruit             |       |       |     6 |       ||     6
       Bread ration      |       |       |       |     1 ||     1
Armor: Leather armour    |    61 |    58 |   103 |    79 ||   301
       Skin              |       |     6 |       |       ||     6
Dodge: Dodged            |   140 |   114 |   334 |   297 ||   885
